[Event "42nd Olympiad Baku 2016 Women"]
[Site "Baku"]
[Date "2016.09.05"]
[Round "4.9"]
[White "Baciu, Diana"]
[Black "Ptacnikova, Lenka"]
[Result "0-1"]
[ECO "B06"]
[WhiteElo "2279"]
[BlackElo "2159"]
[Annotator ""]
[PlyCount "86"]
[EventDate "2016.??.??"]
[EventCountry "AZE"]
[SourceTitle "playchess.com"]
[Source "ChessBase"]
[WhiteTeam "Moldova"]
[BlackTeam "Iceland"]
[WhiteTeamCountry "MDA"]
[BlackTeamCountry "ISL"]
[TimeControl "40/5400+30:1800+30"]

1. e4 {(00:00)} g6 {(00:00)} 2. d4 {(00:00)} Bg7 {(
00:00)} 3. Nc3 {(00:00)} d6 {(00:07)} 4. Nge2 {(00:37)}
Nd7 {(00:22)} 5. h3 {(00:14)} c5 {(02:21)} 6. d5 {(
03:24)} Ngf6 {(02:02)} 7. a4 {(03:30)} Rb8 {(04:50)} 8.
Be3 {(08:17)} O-O {(03:53)} 9. Qd2 {(02:13)} b6 {(
02:44)} 10. Ng3 {(02:00)} a6 {(09:29)} 11. Be2 {(10:13)}
Ne8 {(07:25)} 12. Bh6 {(02:20)} f6 {(13:22)} 13. Bxg7 {
(09:26)} Nxg7 {(01:47)} 14. f4 {(00:31)} Qc7 {(09:
19)} 15. h4 {(03:15)} c4 {(05:13)} 16. h5 {(01:44)} b5 {
(01:23)} 17. hxg6 {(02:22)} hxg6 {(00:48)} 18. Bg4 {
(02:55)} b4 {(07:58)} 19. Nd1 {(07:00)} c3 {(10:10]
} 20. bxc3 {(01:30)} bxc3 {(01:59)} 21. Qe2 {(00:53)} Nb6
{(01:04)} 22. Ne3 {(06:13)} e5 {(04:27)} 23. fxe5 {
(04:26)} dxe5 {(01:54)} 24. a5 {(01:31)} Nd7 {(02:
58)} 25. Be6+ {(04:37)} Nxe6 {(00:50)} 26. dxe6 {(00:05)}
Nc5 {(00:19)} 27. Nd5 {(00:17)} Qg7 {(01:20)} 28. e7 {
(00:43)} Re8 {(00:05)} 29. Qc4 {(01:13)} Ne6 {(00:
16)} 30. Rf1 {(03:53)} f5 {(01:22)} 31. exf5 {(00:32)}
gxf5 {(00:10)} 32. Nxf5 {(01:30)} Qxg2 {(01:09)} 33. Rd1 {
(04:25)} Rb1 {(01:04)} 34. Nf6+ {(00:30)} Kf7 {(00:
00)} 35. Nd6+ {(02:48)} Kxe7 {(01:25)} 36. Nxc8+ {(02:37)}
Rxc8 {(00:06)} 37. Nd5+ {(00:29)} Kd6 {(00:35)} 38. Qxa6+
{(02:42)} Rc6 {(00:23)} 39. Qe2 {(00:00)} Rxd1+ {(
00:00)} 40. Kxd1 {(00:00)} Qxe2+ {(00:00)} 41. Kxe2 {(06:
29)} Kxd5 {(03:03)} 42. Ra1 {(00:58)} Nd4+ {(00:28)} 43.
Kd1 {(00:40)} Rh6 {(00:15)} 0-1

[Event "42nd Olympiad Baku 2016 Women"]
[Site "Baku"]
[Date "2016.09.05"]
[Round "4.26"]
[White "Bakalarz, Grazyna"]
[Black "Munoz Santana, Doribel"]
[Result "1/2-1/2"]
[ECO "D43"]
[WhiteElo "1953"]
[BlackElo "1899"]
[Annotator ""]
[PlyCount "74"]
[EventDate "2016.??.??"]
[EventCountry "AZE"]
[SourceTitle "playchess.com"]
[Source "ChessBase"]
[WhiteTeam "Luxembourg"]
[BlackTeam "Dominican Republic"]
[WhiteTeamCountry "LUX"]
[BlackTeamCountry "DOM"]
[TimeControl "40/5400+30:1800+30"]

1. d4 {(00:00)} Nf6 {(00:00)} 2. Nf3 {(00:00)} d5 {
(00:00)} 3. c4 {(00:19)} e6 {(00:00)} 4. Nc3 {(00:
58)} c6 {(00:17)} 5. cxd5 {(12:57)} exd5 {(00:38)} 6. Bg5
{(00:58)} Be7 {(03:19)} 7. Qc2 {(02:29)} O-O {(03:
35)} 8. e3 {(00:25)} Ne4 {(02:46)} 9. Bxe7 {(03:49)} Qxe7
{(00:03)} 10. Bd3 {(01:31)} Bf5 {(03:48)} 11. O-O {
(04:10)} Nd7 {(06:22)} 12. a3 {(09:20)} a5 {(11:33]
} 13. Bxe4 {(06:03)} dxe4 {(06:18)} 14. Nd2 {(01:40)} Rfe8
{(16:54)} 15. b4 {(09:34)} axb4 {(04:58)} 16. axb4 {
(00:12)} Nf6 {(04:22)} 17. Ra5 {(10:03)} Bg6 {(06:
36)} 18. Rfa1 {(03:34)} Rac8 {(02:41)} 19. Qb3 {(04:14)}
Qe6 {(05:58)} 20. Qxe6 {(02:41)} Rxe6 {(00:20)} 21. Nc4 {
(05:32)} Nd7 {(02:07)} 22. Ra8 {(01:38)} Rf8 {(04:
29)} 23. R1a7 {(03:38)} b5 {(02:21)} 24. Na5 {(01:21)} f5
{(01:34)} 25. Rxf8+ {(01:24)} Nxf8 {(00:07)} 26. Rc7 {
(01:05)} Be8 {(00:17)} 27. h3 {(03:00)} Ng6 {(01:
05)} 28. Kf1 {(01:30)} Nh4 {(00:58)} 29. g3 {(01:30)} Nf3
{(01:11)} 30. Kg2 {(04:09)} Ne1+ {(00:42)} 31. Kf1 {
(00:46)} Nd3 {(00:08)} 32. d5 {(00:45)} cxd5 {(01:
02)} 33. Nxd5 {(00:14)} Kf8 {(00:46)} 34. Rc8 {(01:07)}
Kf7 {(03:39)} 35. Rc7+ {(00:34)} Kf8 {(00:25)} 36. Rc8 {
(00:30)} Kf7 {(00:10)} 37. Rc7+ {(00:06)} Kf8 {(00:
10)} 1/2-1/2

[Event "42nd Olympiad Baku 2016 Women"]
[Site "Baku"]
[Date "2016.09.05"]
[Round "4.9"]
[White "Baklanova, Tatiana"]
[Black "Bahji, Hind"]
[Result "1-0"]
[ECO "D43"]
[WhiteElo "2200"]
[BlackElo "1948"]
[Annotator ""]
[PlyCount "55"]
[EventDate "2016.??.??"]
[EventCountry "AZE"]
[SourceTitle "playchess.com"]
[Source "ChessBase"]
[WhiteTeam "ICCD"]
[BlackTeam "MAR"]
[WhiteTeamCountry "UKR"]
[BlackTeamCountry "MAR"]
[TimeControl "40/5400+30:1800+30"]

1. d4 {(00:00)} d5 {(00:00)} 2. c4 {(00:00)} c6 {(
00:00)} 3. Nc3 {(00:00)} Nf6 {(00:00)} 4. Nf3 {(00:00)} e6
{(00:38)} 5. cxd5 {(00:00)} exd5 {(02:02)} 6. Bg5 {
(00:33)} h6 {(05:21)} 7. Bh4 {(00:42)} g5 {(06:06)}
8. Bg3 {(00:07)} Qb6 {(00:46)} 9. Qb3 {(03:55)} Qxb3 {
(07:42)} 10. axb3 {(00:01)} Bf5 {(00:14)} 11. Nd2 {
(16:40)} Nbd7 {(25:20)} 12. e3 {(00:21)} Nh5 {(04:
31)} 13. Be2 {(04:04)} Nxg3 {(00:10)} 14. hxg3 {(00:01)}
Nf6 {(09:30)} 15. f3 {(09:41)} Bd6 {(01:26)} 16. g4 {
(09:26)} Bg6 {(01:52)} 17. Kf2 {(01:00)} Kd7 {(02:
49)} 18. Nf1 {(03:48)} a6 {(09:39)} 19. Na4 {(02:52)} Kc7
{(02:31)} 20. Rc1 {(00:56)} Nd7 {(00:47)} 21. Ng3 {
(03:10)} Rae8 {(02:02)} 22. Nf5 {(00:45)} Bxf5 {(
00:32)} 23. gxf5 {(00:02)} h5 {(00:22)} 24. Bd3 {(10:13)}
Bb4 {(05:31)} 25. e4 {(08:52)} Nf6 {(00:23)} 26. e5 {
(00:57)} Nd7 {(00:02)} 27. Nc3 {(01:15)} f6 {(04:
10)} 28. Nxd5+ {(00:41)} 1-0

[Event "42nd Olympiad Baku 2016 Women"]
[Site "Baku"]
[Date "2016.09.05"]
[Round "4.18"]
[White "Baktach, Nesrine"]
[Black "Herrera, Marjorie"]
[Result "0-1"]
[ECO "C45"]
[WhiteElo "1637"]
[BlackElo "1738"]
[Annotator ""]
[PlyCount "92"]
[EventDate "2016.??.??"]
[EventCountry "AZE"]
[SourceTitle "playchess.com"]
[Source "ChessBase"]
[WhiteTeam "Tunisia"]
[BlackTeam "El Salvador"]
[WhiteTeamCountry "TUN"]
[BlackTeamCountry "ESA"]
[TimeControl "40/5400+30:1800+30"]

1. e4 {(00:00)} e5 {(00:05)} 2. Nf3 {(00:00)} Nc6 {
(01:32)} 3. d4 {(00:00)} exd4 {(00:08)} 4. Nxd4 {(
00:00)} Qh4 {(00:11)} 5. Nb5 {(02:30)} Qxe4+ {(07:00)} 6.
Be2 {(04:17)} Bb4+ {(02:35)} 7. c3 {(07:22)} Ba5 {(
00:07)} 8. O-O {(04:39)} Nge7 {(03:18)} 9. Nd2 {(04:38)}
Qf5 {(09:05)} 10. Nc4 {(08:29)} Kd8 {(09:04)} 11. Nxa5 {
(08:45)} Nxa5 {(00:12)} 12. Qa4 {(07:03)} Nac6 {(
02:50)} 13. Bf4 {(13:02)} Nd5 {(09:48)} 14. Bg3 {(03:10)}
d6 {(03:01)} 15. Rad1 {(08:49)} a6 {(10:27)} 16. Nd4 {
(09:00)} Nxd4 {(01:35)} 17. Qxd4 {(00:31)} Nf6 {(
02:38)} 18. c4 {(05:25)} Qe4 {(03:18)} 19. Qd2 {(01:57)}
Re8 {(05:21)} 20. Bd3 {(02:09)} Qd4 {(04:10)} 21. Qc2 {
(02:16)} Bg4 {(07:27)} 22. Rd2 {(01:56)} h6 {(05:
28)} 23. Kh1 {(00:23)} Bd7 {(01:36)} 24. f3 {(01:14)} b6 {
(02:55)} 25. Be4 {(01:26)} Rxe4 {(03:33)} 26. Rxd4 {
(00:43)} Rxd4 {(00:06)} 27. Qc3 {(01:00)} c5 {(01:
10)} 28. Bf2 {(01:00)} Rf4 {(00:12)} 29. Qd2 {(01:19)}
Rxc4 {(02:11)} 30. Qxd6 {(00:19)} Rc8 {(00:16)} 31. Qxb6+
{(00:12)} Ke8 {(00:37)} 32. Re1+ {(00:22)} Kf8 {(
00:10)} 33. Qd6+ {(00:51)} Kg8 {(00:10)} 34. Re7 {(00:48)}
Be6 {(00:22)} 35. Qxa6 {(00:36)} Rc1+ {(00:05)} 36. Bg1 {
(00:10)} Rd8 {(00:25)} 37. h3 {(00:56)} Rdd1 {(00:
05)} 38. Kh2 {(00:53)} Rxg1 {(00:06)} 39. Qa8+ {(00:28)}
Kh7 {(00:11)} 40. a4 {(00:00)} Nh5 {(00:00)} 41. g4 {
(05:56)} Rh1+ {(04:20)} 42. Kg2 {(00:06)} Rcg1+ {(
03:27)} 43. Kf2 {(00:12)} Rf1+ {(00:25)} 44. Kg2 {(04:34)}
Nf4+ {(00:34)} 45. Kg3 {(00:40)} Ne2+ {(00:22)} 46. Kg2 {
(05:54)} Rhg1+ {(00:17)} 0-1

[Event "42nd Olympiad Baku 2016 Women"]
[Site "Baku"]
[Date "2016.09.05"]
[Round "4.10"]
[White "Barria Baker, Raisa Melissa"]
[Black "Granados Diaz, Maria Esther"]
[Result "1-0"]
[ECO "A52"]
[WhiteElo "1961"]
[BlackElo "1831"]
[Annotator ""]
[PlyCount "67"]
[EventDate "2016.??.??"]
[EventCountry "AZE"]
[SourceTitle "playchess.com"]
[Source "ChessBase"]
[WhiteTeam "Panama"]
[BlackTeam "Nicaragua"]
[WhiteTeamCountry "PAN"]
[BlackTeamCountry "NCA"]
[TimeControl "40/5400+30:1800+30"]

1. d4 {(00:00)} Nf6 {(00:00)} 2. c4 {(00:07)} e5 {(
00:00)} 3. dxe5 {(00:09)} Ng4 {(00:00)} 4. Bf4 {(00:07)}
Bb4+ {(00:00)} 5. Nd2 {(00:24)} Qe7 {(00:49)} 6. Ngf3 {
(01:24)} Nc6 {(01:04)} 7. e3 {(02:05)} Ngxe5 {(02:
22)} 8. Nxe5 {(01:57)} Nxe5 {(00:17)} 9. Be2 {(01:49)} a5
{(00:43)} 10. a3 {(02:09)} Bc5 {(04:57)} 11. Nb3 {(
02:34)} Bb6 {(03:12)} 12. O-O {(03:23)} a4 {(05:03)} 13.
Nd4 {(03:02)} d6 {(05:08)} 14. Rc1 {(05:16)} O-O {(
03:35)} 15. Nb5 {(10:54)} Bd7 {(04:51)} 16. Nc3 {(00:07)}
Ba5 {(17:43)} 17. c5 {(07:16)} Bc6 {(04:40)} 18. Qd4 {
(14:26)} Rfd8 {(26:24)} 19. cxd6 {(04:47)} cxd6 {(
00:29)} 20. Rfd1 {(00:23)} Qe6 {(07:53)} 21. Bg3 {(12:00)}
Ng6 {(03:51)} 22. Bc4 {(04:17)} Qf5 {(01:58)} 23. Bd5 {
(05:06)} Ne7 {(01:12)} 24. e4 {(04:18)} Qh5 {(01:
17)} 25. Bc4 {(04:43)} Qg4 {(02:09)} 26. Nd5 {(01:54)}
Bxd5 {(01:11)} 27. Bxd5 {(00:30)} Nxd5 {(00:14)} 28. Qxd5
{(00:14)} Qe2 {(00:24)} 29. Qxb7 {(04:18)} Rab8 {(
00:19)} 30. Qd5 {(00:34)} Rb5 {(00:29)} 31. Qc4 {(01:31)}
Qxb2 {(00:51)} 32. Qxa4 {(01:08)} Bd2 {(01:17)} 33. Rc2 {
(00:33)} Qb1 {(01:19)} 34. Rcxd2 {(00:13)} 1-0

[Event "42nd Olympiad Baku 2016 Women"]
[Site "Baku"]
[Date "2016.09.05"]
[Round "4.30"]
[White "Batchimeg, Tuvshintugs"]
[Black "Olsarova, Karolina"]
[Result "1/2-1/2"]
[ECO "E11"]
[WhiteElo "2391"]
[BlackElo "2255"]
[Annotator ""]
[PlyCount "111"]
[EventDate "2016.??.??"]
[EventCountry "AZE"]
[SourceTitle "playchess.com"]
[Source "ChessBase"]
[WhiteTeam "Mongolia"]
[BlackTeam "Czech Republic"]
[WhiteTeamCountry "MGL"]
[BlackTeamCountry "CZE"]
[TimeControl "40/5400+30:1800+30"]

1. d4 {(00:00)} Nf6 {(00:00)} 2. Nf3 {(00:00)} e6 {
(00:00)} 3. c4 {(00:13)} Bb4+ {(00:00)} 4. Nbd2 {(
00:10)} b6 {(00:21)} 5. a3 {(00:15)} Bxd2+ {(00:08)} 6.
Qxd2 {(00:11)} Bb7 {(00:10)} 7. e3 {(00:12)} O-O {(
00:28)} 8. Be2 {(00:09)} d6 {(00:11)} 9. O-O {(00:27)} a5
{(00:11)} 10. b3 {(00:15)} Nbd7 {(00:10)} 11. Bb2 {
(02:00)} Qe7 {(00:13)} 12. Qc2 {(07:18)} Rfc8 {(12:
28)} 13. Rac1 {(08:20)} c5 {(07:47)} 14. Rfd1 {(08:30)} a4
{(06:46)} 15. b4 {(21:22)} b5 {(10:19)} 16. dxc5 {(
05:21)} dxc5 {(00:40)} 17. Ng5 {(14:49)} h6 {(16:53)} 18.
Nf3 {(21:28)} cxb4 {(00:25)} 19. axb4 bxc4 {(06:10)} 20.
Qc3 {(03:03)} Nb6 {(10:13)} 21. Ba3 {(01:23)} Nbd5 {
(04:48)} 22. Qd4 {(01:51)} c3 {(01:18)} 23. Bf1 {(
02:43)} Qc7 {(06:44)} 24. Rc2 {(01:09)} Ne7 {(04:10)} 25.
Rdc1 {(00:27)} Ne4 {(00:56)} 26. Qe5 {(00:39)} Bd5 {
(05:40)} 27. Bd3 {(00:21)} Qxe5 {(04:54)} 28. Nxe5 {
(00:01)} f6 {(00:21)} 29. Nd7 {(00:34)} Rc7 {(00:
43)} 30. Nb6 {(00:33)} Rb8 {(01:13)} 31. Nxd5 {(00:24)}
exd5 {(00:02)} 32. f3 {(00:49)} Nd6 {(00:51)} 33. Rxc3 {
(00:28)} Rxc3 {(00:13)} 34. Rxc3 {(00:01)} Nb5 {(
00:28)} 35. Bxb5 {(00:11)} Rxb5 {(00:02)} 36. Kf2 {(00:56]
} Nf5 {(01:14)} 37. Rc8+ {(00:53)} Kh7 {(00:30)} 38. Ra8 {
(00:05)} Nd6 {(00:20)} 39. Rxa4 {(00:25)} Nc4 {(00:
12)} 40. Ke2 {(00:00)} Nxa3 {(00:00)} 41. Rxa3 {(01:22)}
Rxb4 {(00:24)} 42. Rd3 {(06:13)} Rb5 {(01:12)} 43. f4 {
(01:01)} Kg6 {(04:05)} 44. Kf3 {(01:13)} f5 {(03:
42)} 45. Ra3 {(04:05)} Rb6 {(00:31)} 46. g4 {(05:45)}
fxg4+ {(03:14)} 47. Kxg4 {(00:05)} Kf6 {(00:20)} 48. Ra8 {
(06:40)} Rd6 {(03:17)} 49. Kf3 {(00:59)} g5 {(04:
28)} 50. Rf8+ {(01:16)} Kg6 {(01:21)} 51. Rg8+ {(02:22)}
Kf7 {(00:49)} 52. Rh8 {(00:14)} d4 {(01:19)} 53. exd4 {
(00:33)} Rxd4 {(00:06)} 54. Rxh6 {(00:22)} Rxf4+ {(
00:06)} 55. Kg3 {(00:03)} Kg7 {(00:16)} 56. Rb6 {(00:11)}
1/2-1/2

[Event "42nd Olympiad Baku 2016 Women"]
[Site "Baku"]
[Date "2016.09.05"]
[Round "4.19"]
[White "Batyte, Daiva"]
[Black "Zhylkaidarova, Sholpan"]
[Result "0-1"]
[ECO "A21"]
[WhiteElo "2189"]
[BlackElo "2162"]
[Annotator ""]
[PlyCount "70"]
[EventDate "2016.??.??"]
[EventCountry "AZE"]
[SourceTitle "playchess.com"]
[Source "ChessBase"]
[WhiteTeam "Lithuania"]
[BlackTeam "Kazakhstan"]
[WhiteTeamCountry "LTU"]
[BlackTeamCountry "KAZ"]
[TimeControl "40/5400+30:1800+30"]

1. c4 {(00:00)} e5 {(00:08)} 2. Nc3 {(00:00)} Bb4 {
(00:30)} 3. Nd5 {(04:46)} Bc5 {(01:38)} 4. e3 {(03:
16)} c6 {(06:51)} 5. Nc3 {(04:08)} d5 {(11:25)} 6. cxd5 {
(05:58)} cxd5 {(00:17)} 7. d4 {(00:23)} exd4 {(03:
56)} 8. exd4 {(03:17)} Bb6 {(02:13)} 9. Bb5+ {(04:12)} Nc6
{(02:24)} 10. Nge2 {(02:56)} Nge7 {(04:09)} 11. O-O {
(01:28)} O-O {(00:50)} 12. Be3 {(08:26)} Nf5 {(06:
24)} 13. Bd3 {(07:30)} Re8 {(12:03)} 14. Nf4 {(02:50)}
Nce7 {(04:12)} 15. Qh5 {(06:48)} g6 {(02:35)} 16. Qd1 {
(03:27)} Qd6 {(08:10)} 17. Nb5 {(09:01)} Qf6 {(03:
08)} 18. Rc1 {(02:25)} Bd7 {(03:00)} 19. Nc3 {(10:49)} Bc6
{(01:33)} 20. Bxf5 {(03:03)} Qxf5 {(01:11)} 21. b4 {
(01:13)} a6 {(03:10)} 22. a4 {(00:21)} Rec8 {(03:
33)} 23. Re1 {(01:24)} Bd7 {(02:31)} 24. Nd3 {(01:30)} Nc6
{(01:27)} 25. Nc5 {(02:15)} Nxb4 {(01:10)} 26. Nxb7 {
(00:42)} Rc6 {(00:10)} 27. Nc5 {(00:48)} Bxc5 {(01:
47)} 28. dxc5 {(00:30)} Nd3 {(00:24)} 29. g4 {(00:28)}
Qxg4+ {(00:50)} 30. Qxg4 {(00:02)} Bxg4 {(00:05)} 31. Nxd5
{(00:22)} Re8 {(00:38)} 32. Bd4 {(05:18)} Nxe1 {(
01:05)} 33. Nf6+ {(01:00)} Rxf6 {(00:36)} 34. Bxf6 {(00:
02)} Nd3 {(00:54)} 35. Rc3 {(00:35)} Bh3 {(00:08)} 0-1

[Event "42nd Olympiad Baku 2016 Women"]
[Site "Baku"]
[Date "2016.09.05"]
[Round "4.25"]
[White "Begum, Ghazala"]
[Black "Leboela, Maboloko"]
[Result "0-1"]
[ECO "A17"]
[WhiteElo "1668"]
[BlackElo "1406"]
[Annotator ""]
[PlyCount "124"]
[EventDate "2016.??.??"]
[EventCountry "AZE"]
[SourceTitle "playchess.com"]
[Source "ChessBase"]
[WhiteTeam "Pakistan"]
[BlackTeam "Lesotho"]
[WhiteTeamCountry "PAK"]
[BlackTeamCountry "LES"]
[TimeControl "40/5400+30:1800+30"]

1. c4 {(00:00)} Nf6 {(00:00)} 2. Nc3 {(00:00)} e6 {
(00:01)} 3. g3 {(00:20)} d5 {(01:53)} 4. cxd5 {(00:
06)} exd5 {(02:23)} 5. Nf3 {(00:33)} Nc6 {(01:15)} 6. e3 {
(00:27)} Bb4 {(00:45)} 7. Bg2 {(00:27)} Bg4 {(00:
26)} 8. Qc2 {(02:58)} O-O {(00:30)} 9. O-O {(00:03)} Ne7 {
(06:10)} 10. d3 {(00:54)} b6 {(02:24)} 11. a3 {(00:
42)} Bxc3 {(00:50)} 12. Qxc3 {(00:11)} h6 {(00:31)} 13. b3
{(00:03)} Rc8 {(00:25)} 14. Bb2 {(00:02)} Ng6 {(02:
59)} 15. Ne5 {(01:23)} Nxe5 {(00:46)} 16. Qxe5 {(00:43)}
Be6 {(06:29)} 17. Rac1 {(01:32)} c5 {(01:58)} 18. b4 {
(05:11)} c4 {(00:42)} 19. dxc4 {(00:19)} dxc4 {(02:
03)} 20. Rfd1 {(00:33)} Qc7 {(00:27)} 21. Qc3 {(02:17)} b5
{(00:34)} 22. Rd2 {(01:10)} Ne8 {(03:49)} 23. Bd5 {
(00:44)} Bxd5 {(02:01)} 24. Rxd5 {(00:07)} Qc6 {(
01:43)} 25. Rcd1 {(00:19)} f6 {(02:57)} 26. Rd7 {(02:05)}
Rf7 {(01:26)} 27. Rd8 {(00:46)} Rxd8 {(00:33)} 28. Rxd8 {
(00:03)} Rf8 {(00:27)} 29. Qd4 {(00:10)} a6 {(01:
09)} 30. Bc3 {(00:34)} Nc7 {(01:54)} 31. Rd6 {(00:36)} Qa8
{(01:35)} 32. Rd7 {(02:08)} Ne6 {(00:53)} 33. Qg4 {
(01:07)} Qc6 {(01:39)} 34. Re7 {(01:49)} Ng5 {(02:
06)} 35. e4 {(00:49)} Rf7 {(01:22)} 36. Rxf7 {(03:20)}
Kxf7 {(00:40)} 37. f3 {(02:00)} Qd6 {(00:55)} 38. Be1 {
(04:35)} Qd3 {(00:59)} 39. Kg2 {(00:26)} Qe2+ {(01:
12)} 40. Bf2 {(00:00)} Qd3 {(00:00)} 41. h4 {(01:16)} Ne6
{(01:12)} 42. Qf5 {(02:33)} Qxa3 {(00:24)} 43. Bc5 {
(00:21)} Qb2+ {(00:41)} 44. Kh3 {(00:11)} c3 {(00:
34)} 45. e5 {(00:04)} c2 {(00:30)} 46. exf6 {(00:29)} c1=Q
{(00:59)} 47. fxg7+ {(00:03)} Kxg7 {(01:37)} 48. Qxe6 {
(03:23)} Qh1+ {(01:00)} 49. Kg4 {(00:06)} h5+ {(00:
36)} 50. Kxh5 {(02:21)} Qxf3+ {(00:42)} 51. g4 {(00:09)}
Qbf6 {(01:45)} 52. Bd4 {(02:24)} Qxd4 {(01:19)} 53. Qg6+ {
(06:54)} Kf8 {(01:33)} 54. Qh6+ {(00:36)} Ke7 {(00:
43)} 55. Qg5+ {(01:31)} Qff6 {(02:48)} 56. Qc5+ Qxc5+ {(
00:32)} 57. bxc5 {(02:04)} Qe5+ {(00:41)} 58. g5 {(00:20)}
Qxc5 {(00:25)} 59. Kh6 {(00:04)} b4 {(00:24)} 60. g6 {
(00:08)} Qd6 {(00:09)} 61. h5 {(00:13)} Kf6 {(00:
36)} 62. Kh7 {(00:05)} Qe7+ {(00:14)} 0-1

[Event "42nd Olympiad Baku 2016 Women"]
[Site "Baku"]
[Date "2016.09.05"]
[Round "4.22"]
[White "Bekheet, Suhailah"]
[Black "Vukikomoala, Hilda"]
[Result "0-1"]
[ECO "C41"]
[WhiteElo "1059"]
[BlackElo "1455"]
[Annotator ""]
[PlyCount "76"]
[EventDate "2016.??.??"]
[EventCountry "AZE"]
[SourceTitle "playchess.com"]
[Source "ChessBase"]
[WhiteTeam "Kuwait"]
[BlackTeam "Fiji"]
[WhiteTeamCountry "KUW"]
[BlackTeamCountry "FIJ"]
[TimeControl "40/5400+30:1800+30"]

1. e4 {(00:00)} e5 {(00:00)} 2. Nf3 {(00:00)} d6 {(
01:00)} 3. Bc4 {(02:17)} h6 {(00:37)} 4. d4 {(04:26)} exd4
{(02:16)} 5. Bb5+ {(02:00)} Bd7 {(01:01)} 6. Nxd4 {
(02:33)} Bxb5 {(00:35)} 7. Nxb5 {(01:43)} Nc6 {(00:
34)} 8. O-O {(00:23)} Nf6 {(00:38)} 9. N1c3 {(00:45)} Be7
{(05:13)} 10. Bf4 {(02:51)} O-O {(01:09)} 11. Qf3 {
(02:18)} Ne5 {(02:01)} 12. Qe2 {(02:26)} Ng6 {(07:
58)} 13. Be3 {(03:01)} c6 {(05:58)} 14. Nd4 {(00:52)} Qc7
{(01:03)} 15. Nf5 {(00:31)} d5 {(14:51)} 16. f4 {(
00:54)} dxe4 {(02:00)} 17. Nxh6+ {(02:04)} gxh6 {(05:00)}
18. f5 {(00:15)} Ne5 {(03:52)} 19. Bf4 {(02:50)} Bd6 {
(01:52)} 20. Nxe4 {(01:14)} Nxe4 {(03:07)} 21. Qxe4 {
(01:12)} Rfe8 {(05:38)} 22. f6 {(02:14)} Ng6 {(02:
18)} 23. Qf5 {(01:00)} Bxf4 {(00:35)} 24. Rf3 {(00:40)}
Bxh2+ {(14:55)} 25. Kf1 {(00:16)} Re5 {(04:26)} 26. Qh3 {
(01:25)} Bf4 {(00:42)} 27. g3 {(00:47)} Bg5 {(00:
28)} 28. g4 {(01:52)} Re6 {(03:09)} 29. Rf5 {(00:48)} Rae8
{(00:53)} 30. Rxg5 {(00:16)} Qf4+ {(00:11)} 31. Kg2 {
(00:44)} Qxg5 {(00:45)} 32. Rh1 {(00:17)} Nf4+ {(
00:18)} 33. Kg3 {(00:53)} Nxh3 {(00:08)} 34. Rxh3 {(00:09]
} Re3+ {(00:06)} 35. Kg2 {(00:21)} Rxh3 {(00:07)} 36. Kxh3
{(00:11)} Re3+ {(00:07)} 37. Kg2 {(00:13)} Qxg4+ {(
00:05)} 38. Kh2 {(01:28)} Rh3# 0-1

[Event "42nd Olympiad Baku 2016 Women"]
[Site "Baku"]
[Date "2016.09.05"]
[Round "4.23"]
[White "Bengtsson, Jessica"]
[Black "Velikic, Adela"]
[Result "0-1"]
[ECO "B17"]
[WhiteElo "2005"]
[BlackElo "2260"]
[Annotator ""]
[PlyCount "140"]
[EventDate "2016.??.??"]
[EventCountry "AZE"]
[SourceTitle "playchess.com"]
[Source "ChessBase"]
[WhiteTeam "Sweden"]
[BlackTeam "Serbia"]
[WhiteTeamCountry "SWE"]
[BlackTeamCountry "SRB"]
[TimeControl "40/5400+30:1800+30"]

1. e4 {(00:00)} c6 {(00:00)} 2. d4 {(00:00)} d5 {(
00:00)} 3. Nc3 {(00:00)} dxe4 {(00:00)} 4. Nxe4 {(00:01)}
Nd7 {(00:00)} 5. Bc4 {(00:55)} Ngf6 {(00:07)} 6. Ng5 {
(00:22)} e6 {(00:13)} 7. Qe2 {(00:55)} Nb6 {(00:09]
} 8. Bd3 {(00:16)} h6 {(00:10)} 9. N5f3 {(00:15)} c5 {
(00:20)} 10. dxc5 {(00:36)} Nbd7 {(00:10)} 11. Ne5 {
(02:43)} Nxe5 {(00:27)} 12. Qxe5 {(00:14)} Nd7 {(
00:09)} 13. Qd4 {(05:19)} Nxc5 {(00:22)} 14. Qxd8+ {(00:
48)} Kxd8 {(00:06)} 15. Be2 {(07:03)} Bd6 {(00:31)} 16.
Nf3 {(06:38)} Ke7 {(00:54)} 17. Be3 {(02:06)} b6 {(
03:37)} 18. O-O {(06:19)} Bb7 {(01:39)} 19. Rad1 {(03:34)}
Rhd8 {(09:41)} 20. Rfe1 {(03:20)} Rac8 {(06:32)} 21. c3 {
(08:19)} Na4 {(24:57)} 22. Rd2 {(08:03)} Bc5 {(11:
32)} 23. Bd4 {(12:14)} Bxd4 {(15:29)} 24. Nxd4 {(08:44)}
Nc5 {(01:09)} 25. Rdd1 {(01:26)} g6 {(05:02)} 26. Bf1 {
(07:42)} a6 {(04:15)} 27. g3 {(01:20)} Kf6 {(04:44]
} 28. f4 {(01:36)} Bd5 {(04:32)} 29. a3 {(01:36)} b5 {
(00:33)} 30. Bg2 {(00:43)} Bxg2 {(01:52)} 31. Kxg2 {
(00:05)} Rd5 {(00:20)} 32. Rd2 {(03:21)} Rcd8 {(02:
33)} 33. Rde2 {(03:15)} R8d6 {(02:01)} 34. Re3 {(02:45)}
Na4 {(00:35)} 35. R1e2 {(00:56)} Nb6 {(00:38)} 36. Re5 {
(01:57)} Nc4 {(01:05)} 37. Rxd5 {(00:42)} Rxd5 {(
00:02)} 38. Kf3 {(01:40)} Rd6 {(01:31)} 39. Kf2 {(00:45)}
Rd5 {(00:09)} 40. Kf3 {(00:00)} Ke7 {(00:00)} 41. Nc6+ {
(07:19)} Kf6 {(09:18)} 42. Nd4 {(04:09)} e5 {(13:
19)} 43. fxe5+ {(05:14)} Rxe5 {(00:08)} 44. Rc2 {(03:39)}
Re1 {(02:17)} 45. Rf2 {(10:27)} Kg7 {(00:54)} 46. Nc6 {
(00:56)} Rb1 {(01:26)} 47. Nb4 {(00:59)} Nxb2 {(01:
12)} 48. Nxa6 {(00:30)} Nc4 {(00:17)} 49. Ke4 {(01:03)}
Nxa3 {(01:42)} 50. Kd4 {(00:28)} Nc4 {(01:07)} 51. Nb4 {
(00:54)} Nd6 {(01:52)} 52. Re2 {(00:28)} f5 {(01:
56)} 53. Re5 {(01:10)} Rd1+ {(01:06)} 54. Nd3 {(00:35)}
Kf6 {(00:45)} 55. Rd5 {(00:27)} Ne4 {(01:07)} 56. Ke3 {
(00:35)} Rb1 {(00:37)} 57. Kd4 {(00:29)} Rb3 {(00:
41)} 58. Nc5 {(00:32)} Nxc5 {(00:24)} 59. Rxc5 {(00:21)}
Kg5 {(00:19)} 60. Rc6 {(00:35)} Rb2 {(00:18)} 61. h4+ {
(00:29)} Kh5 {(00:06)} 62. Ke5 {(00:32)} Rf2 {(00:
56)} 63. Rc5 {(00:33)} Rf3 {(00:10)} 64. Kd4 {(00:28)}
Rxg3 {(00:24)} 65. Rxb5 {(00:30)} Kxh4 {(00:09)} 66. c4 {
(00:24)} Rg4+ {(01:02)} 67. Kd5 {(00:23)} f4 {(00:
35)} 68. c5 {(00:42)} f3 {(01:01)} 69. Rb3 {(00:32)} Rg5+
{(00:31)} 70. Kd6 {(00:31)} f2 {(00:35] Ke5} 0-1